AoeStats
← majd.lukili

Fortress

510287671Analyzed
1v1 RM · 1d ago on Sep 30, 2026· 57m 39s· 2 players
Game mode
Random Map
Map size
Small (3 player)
Population
200
Speed
Normal
Resources
Standard
Victory
Conquest
Starting age
Dark Age
Ending age
Imperial Age
RankedLock teamsTeams togetherTeam positionsShared explorationLock speedFull tech treeHidden civsTurbo modeCheats
Victory
Defeat
🇩🇪 Bohemians · Germany
1175
+14
🇲🇦 Britons · Morocco
1128
-14
majd.lukili
7:22 Feudal Age
11:38 Castle Age
9:56 Double-Bit Axe
9:54 Horse Collar
10:52 Gold Mining
12:42 Bow Saw
16:04 Fervor
17:15 Sanctity
18:04 Wheelbarrow
18:11 Fletching
20:46 Hand Cart
21:18 Loom
21:19 Town Watch
25:24 Imperial Age
24:03 Bodkin Arrow
24:31 Town Patrol
24:58 Padded Archer Armor
25:09 Forging
24:59 Scale Mail Armor
25:01 Squires
24:48 Arson
24:50 Gambesons
24:26 Pikeman
25:46 Gold Shaft Mining
25:01 Stone Mining
25:28 Heavy Plow
26:04 Leather Archer Armor
26:13 Bracer
26:42 Conscription
27:35 Two-Man Saw
27:36 Iron Casting
27:37 Chain Mail Armor
28:14 Guilds
28:30 Ballistics
28:07 Murder Holes
29:06 Ring Archer Armor
29:09 Yeomen
30:17 Chemistry
30:24 Elite Longbowman
33:12 Warwolf
34:47 Halberdier
36:37 Siege Engineers
38:19 Hoardings
37:14 Sappers
47:34 Blast Furnace
47:04 Plate Mail Armor
Lise
7:48 Feudal Age
11:30 Castle Age
9:42 Double-Bit Axe
9:54 Horse Collar
12:21 Loom
20:39 Wheelbarrow
24:20 Imperial Age
22:10 Fletching
22:22 Town Watch
23:52 Bow Saw
24:54 Chemistry
24:15 Padded Archer Armor
24:10 Bodkin Arrow
24:51 Hand Cart
25:20 Bodkin Arrow
26:56 Ballistics
28:07 Town Patrol
30:07 Leather Archer Armor
29:19 Elite Skirmisher
31:44 Scale Barding Armor
31:50 Forging
31:41 Light Cavalry
33:14 Elite Hussite Wagon
34:19 Bracer
34:49 Ring Archer Armor
34:55 Iron Casting
37:49 Heavy Plow
38:50 Two-Man Saw
41:57 Blast Furnace
40:57 Scale Mail Armor
41:55 Houfnice
47:17 Siege Engineers
56:38 Chain Barding Armor
Connection lost

Rejoining the realm…

Still unreachable

The connection could not be restored.

Session expired

The server has moved on; the page needs a fresh start.